 Dungeon Sprint DCSS version 0.18.1-48-g4cf74bf (webtiles) character file.

2456 Joat the Thaumaturge (level 9, -3/45 HPs)
             Began as a Deep Elf Conjurer on July 27, 2016.
             Was a Believer of Vehumet.
             Shot with an arrow by a centaur warrior (19 damage)
             ... in the Dungeon (Sprint I: "Red Sonja").
             The game lasted 00:40:23 (1146 turns).

Joat the Thaumaturge (Deep Elf Conjurer)            Turns: 1146, Time: 00:40:24

Health: -3/45      AC:  2    Str:  5    XL:     9   Next: 26%
Magic:  15/28      EV: 19    Int: 24    God:    Vehumet [**....]
Gold:   478        SH:  0    Dex: 15    Spells: 8 memorised, 14 levels left

rFire  . . .     SeeInvis .     o - +0 dagger (venom)
rCold  . . .     Gourm    .     k - +0 robe
rNeg   . . .     Faith    .     (no shield)
rPois  .         Spirit   .     (no helmet)
rElec  .         Dismiss  .     (no cloak)
rCorr  .         Reflect  .     (no gloves)
SustAt .         Harm     .     (no boots)
MR     .....     NoTele   +     (no amulet)
Stlth  +++++.....               (no ring)
                                (no ring)

@: not resistant to hostile enchantments, quite stealthy
A: no striking features
a: Renounce Religion


You were in the Dungeon.
You worshipped Vehumet.
Vehumet was pleased with you.
You were not hungry.

You visited 1 branch You collected 513 gold pieces.
You spent 35 gold pieces at shops.

Inventory:

Hand Weapons
 c - a +0 dagger
 j - a +1 scythe of flaming
 l - a +0 arbalest
 n - a +0 blowgun
 o - a +0 dagger of venom (weapon)
Missiles
 m - 14 bolts
 p - 8 curare-tipped needles
Armour
 a - a +0 robe
 k - a +0 robe (worn)
Scrolls
 i - a scroll of blinking
Potions
 d - a potion of curing
 e - a potion of heal wounds
 f - a potion of haste
 g - 2 potions of magic
Books
 b - a book of Conjurations

   Spells                             Type                      Level
   a - Magic Dart                     Conjuration                  1
   b - Searing Ray                    Conjuration                  2
   c - Dazzling Spray                 Conjuration/Hexes            3
   d - Fulminant Prism                Conjuration/Hexes            4
   e - Iskenderun's Mystic Blast      Conjuration                  4
   f - Iskenderun's Battlesphere      Conjuration/Charms           5
Comestibles
 h - a slice of pizza


   Skills:
 - Level 0.1 Fighting
 * Level 11.5 Dodging
 + Level 12.0 Stealth
 * Level 13.6 Spellcasting
 * Level 12.2 Conjurations
 - Level 5.1 Hexes
 + Level 6.8 Charms
 - Level 2.5 Ice Magic
 - Level 2.5 Earth Magic


You had 14 spell levels left.
You knew the following spells:

 Your Spells              Type           Power        Failure   Level  Hunger
a - Magic Dart            Conj           ####         1%          1    None
b - Searing Ray           Conj           ######       1%          2    None
c - Dazzling Spray        Conj/Hex       ######       1%          3    None
d - Fulminant Prism       Conj/Hex       ######....   1%          4    None
e - Iskenderun's Mystic   Conj           ######..     1%          4    None
f - Iskenderun's Battles  Conj/Chrm      ######..     2%          5    ###....
g - Sandblast             Erth           ####..       1%          1    None
h - Freeze                Ice            ####         1%          1    None


Dungeon Overview and Level Annotations

Branches:
Dungeon (1/1)

Altars:
Cheibriados
Dithmenos
Elyvilon
Fedhas
Gozag
Kikubaaqudgha
Makhleb
Nemelex Xobeh
Okawaru
Pakellas
Qazlal
Ru
Sif Muna
Trog
Vehumet
Xom
Yredelemnul
Zin
The Shining One
Jiyva

Shops:
D ?


Message History

The centaur warrior is dazzled.
There is an open door here.
As you close the door, it creaks loudly!
You start resting.
A centaur warrior and a deep troll come into view.
Casting: Dazzling Spray
Confirm with . or Enter, or press ? or * to list all spells.
Aiming: Fulminant Prism
Press: ? - help, Dir - move target cursor, p - centaur warrior You conjure a prism of explosive energy!
The centaur warrior shoots an arrow.
The arrow hits you!!
The centaur warrior shoots an arrow.
The arrow misses you.
Casting: Fulminant Prism
Confirm with . or Enter, or press ? or * to list all spells.
Aiming: Searing Ray
Press: ? - help, Shift-Dir - straight line The searing ray hits the centaur warrior.
The centaur warrior is lightly wounded.
The centaur warrior shoots an arrow.
The arrow hits you!!
You die...

#..'..#..'..#..')['..#...#*+*
#..#####'#####'#__####...+,,*
#..####..#...#.####$§#####,,+
#..#__####..##§#§§§§§#,,**+**
#..#_.___##'#§.§§≈§.§+,,*,,,,
#⌠⌠#_.∩...'..(§#§§≈,,*,,*,,,,
####_..._##_.#'#*+*****+***,,
*,,#_____###+#.#,,,,***,+,*,,
***#########@###*+***,***,*,,
*∩,,,,,,,,+...'cT...+,∩**,*,,
***++++***#...######*****,**+
*,,,,,,,**##*##*,,,,,,,**,**,
*,,,,,,,,*,#+#,*,,,,,,,,+,***
*,,*,,,,,*,,,,,*+++******,*,,
*,,,,,,,,*,,,,,*,,,,,,,,*,***
*,,,,,*,,*******,,,,,,,*+,*,,
*,,,,,,,,**,,,,,,,,,,,≈****,,


You could see a centaur warrior, a deep troll and a friendly fulminant prism.

Vanquished Creatures
  A centaur warrior (D)
  Sonja (D)
  2 kobold demonologists (D)
  A slime creature (D)
  Sigmund (D)
  A yak (D)
  A giant eyeball (D)
  An ogre (D)
  A jelly (D)
  Ijyb (D)
11 creatures vanquished.

Vanquished Creatures (others)
  8 fulminant prisms (D)
8 creatures vanquished.

Grand Total: 19 creatures vanquished

Notes
Turn   | Place    | Note
--------------------------------------------------------------
     0 | D        | Joat the Deep Elf Conjurer began the quest for the Orb.
     0 | D        | Reached XP level 1. HP: 10/10 MP: 6/6
     2 | D        | Noticed Ijyb
    20 | D        | Killed Ijyb
    20 | D        | Reached XP level 2. HP: 5/15 MP: 0/8
   226 | D        | Learned a level 2 spell: Searing Ray
   231 | D        | Noticed an ogre
   236 | D        | Killed an ogre
   236 | D        | Reached skill level 5 in Stealth
   236 | D        | Reached skill level 6 in Spellcasting
   236 | D        | Reached XP level 3. HP: 19/19 MP: 4/13
   236 | D        | Reached XP level 4. HP: 24/24 MP: 4/14
   244 | D        | Learned a level 3 spell: Dazzling Spray
   249 | D        | Learned a level 4 spell: Iskenderun's Mystic Blast
   254 | D        | Learned a level 4 spell: Fulminant Prism
   258 | D        | Noticed Sigmund
   315 | D        | Killed Sigmund
   315 | D        | Reached skill level 9 in Spellcasting
   315 | D        | Reached XP level 5. HP: 13/28 MP: 10/18
   315 | D        | Reached XP level 6. HP: 15/32 MP: 11/20
   341 | D        | Learned a level 5 spell: Iskenderun's Battlesphere
   509 | D        | Found a deep blue altar of Sif Muna.
   513 | D        | Reached skill level 1 in Charms
   514 | D        | Found a radiant altar of Vehumet.
   524 | D        | Became a worshipper of Vehumet
   550 | D        | Found Wiog's Magic Scroll Emporium.
   550 | D        | Found a white marble altar of Elyvilon.
   550 | D        | Found a stormy altar of Qazlal.
   550 | D        | Found a burning altar of Makhleb.
   550 | D        | Found a sacrificial altar of Ru.
   550 | D        | Found an oddly glowing altar of Pakellas.
   550 | D        | Found a basalt altar of Yredelemnul.
   550 | D        | Found a glowing golden altar of the Shining One.
   550 | D        | Found a sparkling altar of Nemelex Xobeh.
   550 | D        | Found a shimmering altar of Xom.
   550 | D        | Found an opulent altar of Gozag.
   550 | D        | Found an ancient bone altar of Kikubaaqudgha.
   550 | D        | Found a glowing silver altar of Zin.
   550 | D        | Noticed a yak
   557 | D        | Killed a yak
   557 | D        | Reached skill level 10 in Spellcasting
   559 | D        | Found an iron altar of Okawaru.
   560 | D        | Found a bloodstained altar of Trog.
   564 | D        | Bought a scroll of magic mapping for 35 gold pieces
   639 | D        | Found a snail-covered altar of Cheibriados.
   639 | D        | Found a viscous altar of Jiyva.
   639 | D        | Found a shadowy altar of Dithmenos.
   639 | D        | Found a blossoming altar of Fedhas.
   639 | D        | Noticed a slime creature
   649 | D        | Killed a slime creature
   649 | D        | Reached skill level 5 in Charms
   649 | D        | Reached XP level 7. HP: 36/36 MP: 12/23
   741 | D        | Noticed a kobold demonologist
   743 | D        | Noticed a kobold demonologist
   744 | D        | Reached * piety under Vehumet
   744 | D        | Offered knowledge of Sandblast by Vehumet.
   744 | D        | Reached skill level 11 in Spellcasting
   744 | D        | Reached skill level 10 in Conjurations
   750 | D        | Noticed a chaos spawn
   754 | D        | Noticed a soul eater
   754 | D        | Noticed a rust devil
   754 | D        | Killed a kobold demonologist
   754 | D        | Reached skill level 10 in Stealth
   756 | D        | Noticed a rust devil
   757 | D        | Killed a kobold demonologist
   757 | D        | Reached skill level 12 in Spellcasting
   757 | D        | Reached skill level 5 in Hexes
   757 | D        | Reached XP level 8. HP: 19/41 MP: 6/26
   758 | D        | Noticed a red devil
   932 | D        | Learned a level 1 spell: Sandblast
   953 | D        | Noticed Sonja
   983 | D        | Killed Sonja
   983 | D        | Reached ** piety under Vehumet
   983 | D        | Offered knowledge of Freeze by Vehumet.
   983 | D        | Reached skill level 10 in Dodging
   986 | D        | Learned a level 1 spell: Freeze
  1037 | D        | Noticed a centaur warrior
  1046 | D        | Noticed a centaur warrior
  1047 | D        | Killed a centaur warrior
  1047 | D        | Reached skill level 13 in Spellcasting
  1047 | D        | Reached XP level 9. HP: 20/45 MP: 3/28
  1145 | D        | Noticed a deep troll
  1146 | D        | Shot with an arrow by a centaur warrior

Skill      XL: |  1  2  3  4  5  6  7  8 |
---------------+-------------------------+-----
Stealth        | 3 5 6 9 10 12 | 12.0
Conjurations   | 7 8 9 10 12 | 12.2
Dodging        | 4 6 8 9 11 | 11.5
Spellcasting   | 6 9 10 12 13 | 13.6
Hexes          | 4 5 |  5.1
Charms         | 5 6 |  6.8
Ice Magic      | 2 |  2.5
Earth Magic    | 2 |  2.5
Fighting       | |  0.1

Action                   |  1- 3 |  4- 6 |  7- 9 || total
-------------------------+-------+-------+-------++-------
Melee: Unarmed           |     8 |       |       ||     8
 Cast: Magic Dart        |     7 |       |       ||     7
       Searing Ray       |     1 |     2 |     4 ||     7
       Fulminant Prism   |       |     5 |     4 ||     9
       Iskenderun's Myst |       |     1 |     4 ||     5
       Iskenderun's Batt |       |       |     5 ||     5
       Dazzling Spray    |       |       |     2 ||     2
  Use: Potion            |     1 |       |       ||     1
       Scroll            |       |     1 |       ||     1
 Stab: Sleeping          |     1 |       |       ||     1
  Eat: Bread ration      |       |       |     1 ||     1
Armor: Robe              |     1 |       |       ||     1
Dodge: Dodged            |     8 |     1 |     7 ||    16
